 Dungeon Crawl Stone Soup version 0.26-a0-931-g326f72de0d (webtiles) character file.

Game seed: 16742357783254891023

73 sahdkjhfkaj the Gusty (level 4, -5/33 HPs)
             Began as a Human Air Elementalist on Nov 26, 2020.
             Killed from afar by an orc wizard (7 damage)
             ... with a magic dart
             ... on level 3 of the Dungeon.
             The game lasted 00:06:21 (2394 turns).

sahdkjhfkaj the Gusty (Human Air Elementalist)      Turns: 2394, Time: 00:06:21

Health: -5/33      AC:  2    Str:  9    XL:     4   Next: 51%
Magic:  0/8        EV: 12    Int: 16    God:
Gold:   190        SH:  0    Dex: 13    Spells: 6/9 levels left

rFire    . . .     SeeInvis .   a - staff of conjuration
rCold    . . .     Faith    .   (no shield)
rNeg     . . .     Spirit   .   c - +0 robe
rPois    .         Reflect  .   (no helmet)
rElec    .         Harm     .   (no cloak)
rCorr    .         Rampage  .   (no gloves)
MR       .....                  (no boots)
Stlth    ++........             (no amulet)
HPRegen  0.11/turn              (no ring)
MPRegen  0.11/turn              (no ring)

@: very slightly contaminated
A: no striking features
a: no special abilities


You were on level 3 of the Dungeon.
You visited 1 branch of the dungeon, and saw 3 of its levels.

You collected 190 gold pieces.

Inventory:

Missiles
 b - 44 poisoned darts
 j - 7 atropa-tipped darts
Armour
 c - a +0 robe (worn)
 g - a +0 buckler
Magical Staves
 a - an uncursed staff of conjuration (weapon)
Scrolls
 d - a scroll of blinking {!r}
 e - a scroll of remove curse {!r}
 h - a scroll of fear {!r}
 l - a scroll of fog {!r}
 m - a scroll of random uselessness {!r, unknown}
 n - a scroll of magic mapping {!r, unknown}
 o - a scroll of teleportation {!r, unknown}
Potions
 f - a potion of magic {!q}
 i - a potion of invisibility {!q, unknown}
 k - a potion of haste {!q, unknown}


   Skills:
 + Level 1.8 Fighting
 - Level 2.0 Dodging
 - Level 2.0 Stealth
 - Level 3.0 Spellcasting
 - Level 2.0 Conjurations
 - Level 3.0 Air Magic
 - Level 1.0 Evocations


You had 6 spell levels left.
You knew the following spells:

 Your Spells              Type           Power        Failure   Level
a - Shock                 Conj/Air       ###.         7%          1
W - Swiftness             Air            ##......     9%          2

Your spell library contained the following spells:

 Spells                   Type           Power        Failure   Level
 Static Discharge         Conj/Air       ###.....     21%         3
 Airstrike                Air            ##........   47%         4
 Lightning Bolt           Conj/Air       ###.......   88%         5


Dungeon Overview and Level Annotations

Branches:
Dungeon (3/15)

Altars:
Cheibriados
The Shining One


Message History

Unknown command.
Unknown command.
The orc wizard hits you but does no damage.
The orc wizard points at you and mumbles some strange words.
The magic dart hits you.
The orc wizard points at you and mumbles some strange words.
The puff of frost hits you!
* * * LOW HITPOINT WARNING * * *
Aiming: Shock (safe; 7% risk of failure)
Press: ? - help, Q - select action, (/) - cycle Shift-Dir - straight line, f/p - orc wizard
Aim: an orc wizard, wielding a +0 dagger and wearing a +0 robe (severely wounded, 36% to evade)
You feel a surge of power!
You miscast Shock.
You are very lightly contaminated with residual magic.
Nothing appears to happen.
The orc wizard points at you and mumbles some strange words.
The puff of frost hits you!
* * * LOW HITPOINT WARNING * * *
The orc wizard points at you and mumbles some strange words.
The magic dart hits you!
You die...

#........# #.........###
#........# #............
.###.......##+##### #...<).......
...'.......+......# #............
####.......#......###.#####...)..
#....#..+.............##......
#.......#................#####
#.......#................#
#.......#....@...........#
####)...##...##..........#
#.....##...##..........#
#...†###...########....#
#......o...# ######
#................#
.................#
........#.........#
........+...#...###


You could see an orc wizard.

Vanquished Creatures
  A gnoll (D:1)
  An adder (D:2)
  3 dart slugs
  2 leopard geckos (D:1)
  2 ball pythons
  5 bats
  2 giant cockroaches
  3 goblins
  5 hobgoblins
  6 jackals
  2 frilled lizards
  4 kobolds
  9 rats
45 creatures vanquished.

Notes
Turn   | Place    | Note
-------+----------+-------------------------------------------
     0 | D:1      | sahdkjhfkaj the Human Air Elementalist began the quest for
                  | the Orb.
     0 | D:1      | Reached XP level 1. HP: 13/13 MP: 3/3
   206 | D:1      | Reached XP level 2. HP: 19/19 MP: 0/5
   262 | D:1      | Learned a level 2 spell: Swiftness
   567 | D:1      | Reached XP level 3. HP: 24/24 MP: 2/6
  1404 | D:2      | Reached skill level 1 in Fighting
  1592 | D:2      | Reached XP level 4. HP: 32/32 MP: 2/8
  1764 | D:2      | Reached skill level 1 in Evocations
  2045 | D:2      | Found a snail-covered altar of Cheibriados.
  2045 | D:2      | Found a glowing golden altar of the Shining One.
  2394 | D:3      | Killed from afar by an orc wizard

Illustrated notes

Levels and vault maps discovered:
D:1:      onia_arrival_mini_maze, layout_loops_corners, minmay_crystal_room
D:2:      layout_rooms, gammafunk_temple_overflow_wave
D:3:      layout_basic

Skill      XL: |  1  2  3  4 |
---------------+-------------+-----
Conjurations   | 2 |  2.0
Spellcasting   | 3 |  3.0
Fighting       | 1 |  1.8
Evocations     | 1 |  1.0
Dodging        | |  2.0
Stealth        | |  2.0
Air Magic      | |  3.0

Action                   |  1- 3 |  4- 6 || total
-------------------------+-------+-------++-------
Melee: Spear             |    20 |       ||    20
 Cast: Shock             |    49 |    33 ||    82
       Swiftness         |       |     1 ||     1
  Use: Scroll            |     4 |     1 ||     5
Armor: Robe              |     4 |     1 ||     5
Dodge: Dodged            |    21 |     8 ||    29

Table legend: (Time is in decaauts)
 A = Elapsed time spent in this place.
 B = Non-inter-level travel time spent in this place.
 C = Inter-level travel time spent in this place.
 D = Time resting spent in this place.
 E = Time spent auto-exploring this place.
 F = Levels seen in this place.
 G = Mean time per level.
                   A        B        C        D        E       F      G
               +--------+--------+--------+--------+--------+-----+--------+
         Total |   2392 |   2379 |     13 |    332 |   1703 |   3 |  797.3 |
       Dungeon |   2392 |   2379 |     13 |    332 |   1703 |   3 |  797.3 |
               +--------+--------+--------+--------+--------+-----+--------+

Top non-repeatable levels by time:
     D:1: 1381 daAuts
     D:2: 703 daAuts
     D:3: 308 daAuts
